AoeStats
← pooh

Arena

507821774Analyzed
4v4 RM · 14d ago on Sep 19, 2026· 31m 27s· 8 players
Game mode
Random Map
Map size
Large (8 player)
Population
200
Speed
Normal
Resources
Standard
Victory
Conquest
Starting age
Dark Age
Ending age
Imperial Age
RankedLock teamsTeams togetherTeam positionsShared explorationLock speedFull tech treeHidden civsTurbo modeCheats
Victory
Defeat
🇨🇳 Teutons · China
1508
+11
🇨🇳 Koreans · China
1462
+12
🇨🇳 Saracens · China
1439
+13
🇨🇳 Portuguese · China
1355
+17
🇪🇨 Sicilians · Ecuador
1424
-15
🇨🇴 Italians · Colombia
1422
-15
🇩🇪 Britons · Germany
1345
-12
🇸🇮 Turks · Slovenia
1333
-11
Olli
11:04 Feudal Age
11:59 Loom
15:07 Castle Age
13:33 Double-Bit Axe
13:34 Horse Collar
16:18 Wheelbarrow
18:14 Bow Saw
19:47 Fletching
20:44 Bodkin Arrow
24:01 Heavy Plow
31:24 Imperial Age
Leobossy
10:55 Feudal Age
9:13 Loom
11:00 Feudal Age
19:42 Fletching
23:33 Castle Age
22:23 Double-Bit Axe
22:40 Horse Collar
27:52 Pikeman
30:06 Wheelbarrow
30:54 Scale Mail Armor
[Tunjos]Acordeon
5:21 Loom
9:14 Feudal Age
10:14 Double-Bit Axe
11:53 Fletching
15:38 Horse Collar
20:14 Gold Mining
24:43 Castle Age
23:46 Scale Barding Armor
25:14 Forging
pooh
11:01 Feudal Age
11:52 Double-Bit Axe
14:34 Castle Age
12:42 Horse Collar
15:27 Bow Saw
15:59 Heavy Plow
19:38 Wheelbarrow
18:54 Town Watch
18:56 Loom
21:00 Hand Cart
21:25 Hand Cart
27:25 Imperial Age
24:56 Heavy Plow
27:26 Gold Mining
27:44 Stone Mining
27:49 Elite Janissary
29:38 Gold Shaft Mining
30:06 Two-Man Saw
29:35 Conscription
29:57 Conscription
30:36 Padded Archer Armor
赶脚的柠檬头
10:21 Feudal Age
14:09 Castle Age
12:29 Double-Bit Axe
12:27 Horse Collar
14:50 Heavy Plow
15:50 Bow Saw
20:42 Wheelbarrow
26:30 Imperial Age
23:46 Loom
24:37 Fletching
25:17 Stone Mining
25:18 Gold Mining
26:05 Ballistics
26:20 Bodkin Arrow
27:17 Bracer
28:50 Conscription
28:55 Hand Cart
30:53 Chemistry
29:42 Elite War Wagon
06老玩家回归
10:29 Feudal Age
10:02 Loom
15:41 Castle Age
13:33 Double-Bit Axe
13:34 Horse Collar
23:21 Fletching
24:20 Padded Archer Armor
27:04 Wheelbarrow
27:00 Bow Saw
Fireworks
6:05 Loom
8:09 Feudal Age
11:08 Fletching
23:32 Castle Age
23:34 Double-Bit Axe
23:29 Horse Collar
23:42 Stone Mining
24:39 Scale Mail Armor
93老玩家回归
10:01 Feudal Age
13:52 Castle Age
11:54 Double-Bit Axe
13:17 Horse Collar
15:52 Bow Saw
15:46 Heavy Plow
23:02 Wheelbarrow
28:25 Imperial Age
26:27 Gold Mining
26:50 Scale Barding Armor
27:49 Husbandry
28:03 Forging
28:35 Chain Barding Armor
28:30 Bloodlines
28:58 Cavalier
Connection lost

Rejoining the realm…

Still unreachable

The connection could not be restored.

Session expired

The server has moved on; the page needs a fresh start.